 Dungeon Crawl Stone Soup version 0.28-a0-691-gad6df49e81 (webtiles) character file.

Game seed: 13481514724728173378

39 marklar909 the Skirmisher (level 3, -2/29 (31) HPs)
             Began as a Palentonga Fighter on Oct 21, 2021.
             Succumbed to a goblin's poison
             ... on level 2 of the Dungeon.
             The game lasted 00:01:30 (1599 turns).

marklar909 the Skirmisher (Palentonga Fighter)      Turns: 1599, Time: 00:01:31

HP:   -2/29 (31)    AC:  6    Str: 17 (19) XL:     3   Next: 28%
MP:   3/3           EV:  5    Int:  6 (8)  God:
Gold: 53            SH:  7    Dex:  8 (10) Spells: 2/2 levels left

rFire   . . .      SeeInvis +   a - +0 war axe
rCold   . . .      Faith    .   h - +0 kite shield
rNeg    . . .      Spirit   .   b - +0 scale mail
rPois   .          Reflect  .   (no helmet)
rElec   .          Harm     .   (no cloak)
rCorr   .          Rampage  .   (no gloves)
Will    .....                   (no barding)
Stlth   ..........              (no amulet)
HPRegen 0.09/turn               (no ring)
MPRegen 0.08/turn               (no ring)

@: lethally poisoned (-2 -> -13), drained
A: large, rugged brown scales 3, see invisible, deformed body, roll 1, armoured
tail
a: Rolling Charge


You were on level 2 of the Dungeon.
You visited 1 branch of the dungeon, and saw 2 of its levels.

You collected 53 gold pieces.

Inventory:

Hand Weapons
 a - a +0 war axe (weapon)
Armour
 b - a +0 scale mail (worn)
 h - a +0 kite shield (worn)
Scrolls
 c - 3 scrolls of identify {unknown}
 i - a scroll of silence {unknown}
 j - a scroll of magic mapping {unknown}
Potions
 d - a potion of might
 f - a potion of flight {unknown}
 g - a potion of curing {unknown}


   Skills:
 + Level 3.3 Fighting
 + Level 2.4 Axes
 + Level 2.8 Armour
 + Level 2.8 Shields


You had 2 spell levels left.
You didn't know any spells.
Your spell library contained the following spells:

 Spells                   Type           Power      Damage    Failure   Level
 Passwall                 Tmut/Erth      0%         N/A       100%        2
 Swiftness                Air            0%         N/A       100%        3
 Invisibility             Hex            0%         N/A       100%        6


Dungeon Overview and Level Annotations

Branches:
Dungeon (2/15)

Altars:

Annotations:
D:2 Robin


Innate Abilities, Weirdness & Mutations

You are completely covered in rugged brown scales. (AC +3, +7% HP)
You have supernaturally acute eyesight. (SInv)
Armour fits poorly on your strangely shaped body.
You can roll at nearby foes to attack.
You have a long armoured tail.


Message History

You barely miss the goblin. The goblin closely misses you.
Robin says, "A pitiful Palentonga like you will never find the ORB!"
The goblin hits you but does no damage. You block the goblin's attack.
The goblin barely misses you.
Your shield and scale mail prevent you from hitting the goblin.
The goblin is severely wounded.
You closely miss the goblin. You block the goblin's attack.
The goblin hits you but does no damage.
You are poisoned.
You hit the goblin.
You kill the goblin!
You hit the goblin.
You feel very sick. Robin throws the goblin at you!
The goblin unwields a +0 hunting sling.
The goblin wields a +0 club.
You block the goblin's attack.
You hit the goblin but do no damage.
The goblin is moderately wounded.
You hit the goblin.
You feel very sick.
You block the goblin's attack. x2; The goblin hits you but does no damage.
You are more poisoned.
Robin hits you with a +1 whip of draining.
You feel drained.
You barely miss the goblin.
The goblin is heavily wounded.
You closely miss Robin. You hit the goblin.
You kill the goblin!
You feel very sick. The goblin hits you with a +0 club.
* * * LOW HITPOINT WARNING * * *
Robin hits you with a +1 whip of draining.
* * * LOW HITPOINT WARNING * * *
You feel drained.
* * * LOW HITPOINT WARNING * * *
The goblin hits you with a +0 club.
* * * LOW HITPOINT WARNING * * *
It was a potion of degeneration.
There was something very wrong with that liquid.
You feel weakened.
You feel dopey.
You feel clumsy.
You die...

#........#
#.###.##.# ## #
#.....##.# #. #.
#..#####.# #. ##.#
#..# #.# #. ##...#
#..#####.# #.
#.....### #........#
#.
......g)####.#######
#. #@g....# #.
######## #. ##


You could see Robin and a goblin (strong).

Vanquished Creatures
  A worm (D:1)
  A dart slug (D:1)
  3 bats
  3 endoplasms (D:1)
  A giant cockroach (D:1)
  8 goblins
  A hobgoblin (D:2)
  2 kobolds (D:1)
  2 quokkas (D:1)
  5 ball pythons (D:1)
  2 frilled lizards
  2 rats
31 creatures vanquished.

Notes
Turn   | Place    | Note
-------+----------+-------------------------------------------
     0 | D:1      | marklar909 the Palentonga Fighter began the quest for the
                  | Orb.
     0 | D:1      | Reached XP level 1. HP: 19/19 MP: 1/1
   242 | D:1      | Reached XP level 2. HP: 23/25 MP: 2/2
   451 | D:1      | Found a faded altar of an unknown god.
   774 | D:1      | Reached XP level 3. HP: 15/31 MP: 3/3
  1589 | D:2      | Noticed Robin
  1598 | D:2      | HP: 1/29 [goblin[Robin] (5)]
  1599 | D:2      | Succumbed to a goblin's poison

Illustrated notes

Levels and vault maps discovered:
D:1:      dpeg_arrival_rooms_c, layout_rooms, ebering_ecumenical_altar_hall
D:2:      layout_loops_corners, wander_ebering_terrifying_dragon_lair,
          uniq_robin

Action                   || total
-------------------------++-------
Melee: War axe           ||    72
       Tailslap          ||     5
 Abil: Rolling Charge    ||     5
  Use: Scroll            ||     1
       Potion            ||     1
Armor: Scale mail        ||    37
Dodge: Dodged            ||    26
Block: Buckler           ||     6
       Kite shield       ||    25

Table legend: (Time is in decaauts)
 A = Elapsed time spent in this place.
 B = Non-inter-level travel time spent in this place.
 C = Inter-level travel time spent in this place.
 D = Time resting spent in this place.
 E = Time spent auto-exploring this place.
 F = Levels seen in this place.
 G = Mean time per level.
                   A        B        C        D        E       F      G
               +--------+--------+--------+--------+--------+-----+--------+
         Total |   1635 |   1610 |     25 |    154 |   1142 |   2 |  817.5 |
       Dungeon |   1635 |   1610 |     25 |    154 |   1142 |   2 |  817.5 |
               +--------+--------+--------+--------+--------+-----+--------+

Top non-repeatable levels by time:
     D:1: 953 daAuts
     D:2: 681 daAuts
